 Dungeon Crawl Stone Soup version 0.16.2-12-gd0ad4c3 (webtiles) character file.

382 Seneschal the Covert (level 6, -1/32 HPs)
             Began as a Spriggan Assassin on Sept 22, 2015.
             Slain by an iguana (10 damage)
             ... on level 5 of the Dungeon.
             The game lasted 00:11:07 (3248 turns).

Seneschal the Covert (Spriggan Assassin)            Turns: 3248, Time: 00:11:07

Health: -1/32      AC:  3    Str:  7      XL:     6   Next: 47%
Magic:  12/12      EV: 16    Int: 13      God:
Gold:   78         SH:  0    Dex: 16 (19) Spells: 0 memorised, 5 levels left

rFire  . . .     SeeInvis +     a - +3 dagger
rCold  . . .     Clarity  .     n - +0 robe
rNeg   . . .     SustAb   .     (shield restricted)
rPois  .         Gourm    .     (helmet restricted)
rElec  .         Spirit   .     d - +0 cloak
rCorr  .         Warding  .     (gloves unavailable)
rMut   .         Stasis   .     (boots unavailable)
MR     +....                    (no amulet)
Stlth  +++++.....               (no ring)
                                (no ring)

@: very quick, somewhat resistant to hostile enchantments, quite stealthy
A: unfitting armour, see invisible, herbivore 3, speed 3, slow metabolism 2
a: no special abilities


You were on level 5 of the Dungeon.
You were not hungry.

You visited 1 branch of the dungeon, and saw 5 of its levels.

You collected 128 gold pieces.
You spent 50 gold pieces at shops.

Inventory:

Hand weapons
 a - a +3 dagger (weapon)
 b - a +0 blowgun
 i - a cursed -1 dagger
Missiles
 e - 7 poisoned needles
 f - 2 curare-tipped needles
Armour
 c - a +0 robe
 d - a +0 cloak (worn)
 n - a +0 robe (worn)
 u - a +0 pair of gloves
Magical devices
 k - a wand of fireball (0)
Scrolls
 j - a scroll of recharging
Potions
 h - a potion of ambrosia {unknown}
 l - a potion of haste {unknown}
 m - a potion of restore abilities {unknown}
 p - a potion of degeneration {unknown}
 r - a potion of poison {unknown}
Comestibles
 g - 2 bread rations


   Skills:
 + Level 2.9 Fighting
 * Level 4.0 Short Blades
 + Level 3.2 Throwing
 - Level 1.5 Dodging
 + Level 9.2 Stealth


You had 5 spell levels left.
You didn't know any spells.

Dungeon Overview and Level Annotations

Branches:
Dungeon (5/15)
 Temple: D:4-7

Altars:
Cheibriados
Qazlal
Ru
Zin

Shops:
D:4 ((

Annotations:
D:4 Blork the orc; Typee's ghost, average DsAK


Innate Abilities, Weirdness & Mutations

You are tiny and cannot use many weapons and most armour.
You have supernaturally acute eyesight.
You are a herbivore.
You cover ground extremely quickly.
You need consume almost no food.


Message History

The quasit claws you.
You hit the quasit.
The quasit is severely wounded.
The quasit barely misses you. The quasit claws you.
You feel clumsy. The quasit barely misses you.
You hit the quasit.
The quasit is almost dead.
The quasit bites you.
* * * LOW HITPOINT WARNING * * *
The quasit closely misses you.
The quasit claws you but does no damage.
You hit the quasit.
You kill the quasit!
Your Short Blades skill increases to level 4!
You hit the iguana but do no damage.
The iguana is moderately wounded.
You hear the slow rusting of a very distant drain.
The iguana bites you!
You die...

### #@## ##l# #.## #
#..## .# ##).# ...
#..## ....
####...#######...?.
##............).....
.........<...........


You could see an iguana.

Vanquished Creatures
  Eustachio (D:4)
  A quasit (D:5)
  A hound (D:5)
  A worker ant (D:4)
  Jessica (D:2)
  Terence (D:2)
  7 adders
  An ooze (D:3)
  12 orcs
  4 ball pythons
  14 bats
  3 giant cockroaches
  4 hobgoblins
  2 quokkas (D:2)
  5 giant newts
  8 goblins
  A jackal zombie (D:5)
  8 kobolds
  6 rats
81 creatures vanquished.

Vanquished Creatures (others)
  A giant cockroach (D:2)
1 creature vanquished.

Grand Total: 82 creatures vanquished

Notes
Turn   | Place    | Note
--------------------------------------------------------------
     0 | D:1      | Seneschal, the Spriggan Assassin, began the quest for the Orb.
     0 | D:1      | Reached XP level 1. HP: 10/10 MP: 2/2
   111 | D:1      | Reached skill level 6 in Stealth
   305 | D:1      | Reached XP level 2. HP: 13/15 MP: 4/4
   570 | D:2      | Noticed Jessica
   574 | D:2      | Killed Jessica
   574 | D:2      | Reached XP level 3. HP: 18/18 MP: 6/6
   727 | D:2      | Noticed Terence
   731 | D:2      | Killed Terence
   731 | D:2      | Reached skill level 7 in Stealth
   813 | D:2      | Found a stormy altar of Qazlal.
   989 | D:2      | Reached XP level 4. HP: 15/23 MP: 8/8
  2452 | D:3      | Found a sacrificial altar of Ru.
  2453 | D:3      | Found a glowing silver altar of Zin.
  2454 | D:3      | Found a snail-covered altar of Cheibriados.
  2615 | D:3      | Reached XP level 5. HP: 23/27 MP: 10/10
  2646 | D:3      | Reached skill level 8 in Stealth
  2974 | D:4      | Found Gevimpac's Antique Weapon Boutique.
  2974 | D:4      | Noticed Eustachio
  2982 | D:4      | Killed Eustachio
  2982 | D:4      | Reached XP level 6. HP: 30/32 MP: 12/12
  2989 | D:4      | Bought a runed dagger for 50 gold pieces
  3024 | D:4      | Reached skill level 9 in Stealth
  3029 | D:4      | Found Anaaf's Antique Weapon Emporium.
  3065 | D:4      | Noticed Blork the orc
  3068 | D:4      | Noticed Typee's ghost (average DsAK)
  3076 | D:5      | Entered Level 5 of the Dungeon
  3248 | D:5      | Slain by an iguana

Action                   |  1- 3 |  4- 6 || total
-------------------------+-------+-------++-------
Melee: Dagger            |    68 |   192 ||   260
       Blowgun           |       |     1 ||     1
 Fire: Blowgun           |       |    12 ||    12
Evoke: Wand              |       |     2 ||     2
  Use: Scroll            |       |     8 ||     8
       Potion            |       |     2 ||     2
 Stab: Sleeping          |    11 |    10 ||    21
